 Dungeon Crawl Stone Soup version 0.29.1-13-g9f3cf754e1 (webtiles) character file.

Game seed: 18389482117035698286

456 growler the Shooter (level 6, 0/44 HPs)
             Began as a Demonspawn Wanderer on Feb 7, 2023.
             Was an Initiate of Gozag.
             Slain by a centaur (2 damage)
             ... on level 5 of the Dungeon.
             The game lasted 00:12:14 (5132 turns).

growler the Shooter (Demonspawn Wanderer)           Turns: 5132, Time: 00:12:14

Health: 0/44       AC:  6    Str: 13    XL:     6   Next: 77%
Magic:  6/6        EV: 12    Int: 11    God:    Gozag
Gold:   170        SH:  0    Dex: 16    Spells: 5/5 levels left

rFire   . . .      SeeInvis .   a - +1 shortbow
rCold   . . .      Faith    .   (shield currently unavailable)
rNeg    . . .      Spirit   .   d - +0 robe
rPois   +          Reflect  .   t - +0 helmet
rElec   .          Harm     .   o - +0 cloak
rCorr   .          Rampage  .   (no gloves)
Will    .....                   (no boots)
Stlth   ++........              (no amulet)
HPRegen 0.14/turn               l - ring of poison resistance
MPRegen 0.10/turn               (no ring)

@: no status effects
A: icy blue scales 1, powered by death 2, weakness stinger 1
a: Renounce Religion, Potion Petition, Call Merchant, Bribe Branch


You were on level 5 of the Dungeon.
You worshipped Gozag.
Gozag was aware of your devotion.
You visited 1 branch of the dungeon, and saw 5 of its levels.

You collected 231 gold pieces.
You paid 61 gold pieces to Gozag.

Inventory:

Hand Weapons
 a - a +1 shortbow (weapon)
 b - a +0 hand axe
Missiles
 w - a throwing net
Armour
 d - a +0 robe (worn)
 e - a +1 hat
 o - a +0 cloak (worn)
 t - a +0 helmet (worn)
Jewellery
 f - a ring of ice
 l - a ring of poison resistance (left hand)
Wands
 s - a wand of digging (7)
Scrolls
 c - 3 scrolls of fog
 i - a scroll of identify
 m - a scroll of amnesia {unknown}
 p - a scroll of enchant armour {unknown}
 r - a scroll of fear {unknown}
 v - a scroll of teleportation {unknown}
Potions
 g - 4 potions of heal wounds
 h - a potion of might
 j - 2 potions of magic
 k - a potion of attraction
 n - 3 potions of degeneration
 q - a potion of mutation
 u - a potion of haste


   Skills:
 - Level 2.0 Fighting
 - Level 1.0 Axes
 + Level 6.7 Ranged Weapons
 - Level 1.0 Armour
 - Level 1.0 Dodging
 - Level 1.7 Stealth
 - Level 1.0 Evocations


You had 5 spell levels left.
You didn't know any spells.
Your spell library was empty.

Dungeon Overview and Level Annotations

Branches:
Dungeon (5/15)
 Temple: D:4-7

Altars:
Cheibriados
Gozag
Xom

Shops:
D:1 :

Annotations:
D:5 Dowan, Duvessa


Innate Abilities, Weirdness & Mutations

You are partially covered in icy blue scales. (AC +2)
You regenerate health from kills.
You have a small tail.


Message History

Duvessa hits you with a +1 short sword of protection.
You climb upwards.
There is a stone staircase leading down here.
You start resting.
HP restored.
There is a stone staircase leading down here.
You climb downwards.
Level annotation: Dowan, Duvessa
There is a stone staircase leading up here.
A centaur comes into view. It is carrying a wand of mindburst (8).
You shoot an arrow. The arrow barely misses the centaur.
The centaur zaps a wand.
You barely resist.
The centaur zaps a wand.
You barely resist. You shoot an arrow.
The arrow completely misses the centaur.
The centaur wields a +0 shortbow.
The centaur shoots an arrow.
The arrow hits you!
The centaur shoots an arrow.
The arrow closely misses you.
You shoot an arrow. The arrow hits the centaur.
The centaur is lightly wounded.
The centaur shoots an arrow.
The arrow hits you!
Unknown command.
The centaur shoots an arrow.
The arrow hits you!
* * * LOW HITPOINT WARNING * * *
The centaur shoots an arrow.
The arrow hits you!
* * * LOW HITPOINT WARNING * * *
The centaur unwields a +0 shortbow.
The centaur hits you.
* * * LOW HITPOINT WARNING * * *
The centaur closely misses you.
You are too injured to fight recklessly!
Fire: a) +1 shortbow
Press: ? - help, Q - select action, (/) - cycle Shift-Dir - straight line, f/p - centaur
Aim: a centaur, carrying a wand of mindburst (6) (lightly wounded, 75% to hit)
You shoot an arrow. The arrow hits the centaur.
The centaur is moderately wounded.
The centaur hits you but does no damage.
The centaur barely misses you. The centaur hits you.
* * * LOW HITPOINT WARNING * * *
The centaur kicks you.
You die...
Your body crumbles into a pile of gold.

#.# #.# #.#
#.#######.#
#.#.......#
#.#.#####
#.......#
###.###.#
#.# #@# #.#
#c# #.# ..#
#.#.###
#.#. #.#


You could see a centaur.

Vanquished Creatures
  An ogre (D:4)
  A scorpion (D:3)
  Jessica (D:2)
  An orc wizard (D:4)
  Natasha (thrice) (D:2)
  4 gnolls (D:4)
  7 adders
  3 worms
  2 dart slugs
  6 orcs
  8 bats
  5 endoplasms
  2 giant cockroaches
  7 goblins
  7 hobgoblins
  2 kobolds
  2 quokkas
  9 ball pythons
  A frilled lizard (D:1)
  7 rats
79 creatures vanquished.

Notes
Turn   | Place    | Note
-------+----------+-------------------------------------------
     0 | D:1      | growler the Demonspawn Wanderer began the quest for the
                  | Orb.
     0 | D:1      | growler set off with the following items: a +1 shortbow, a
                  | +0 hand axe, a scroll of fog, a +0 robe.
     0 | D:1      | Reached XP level 1. HP: 16/16 MP: 1/1
    87 | D:1      | Reached skill level 2 in Ranged Weapons
   226 | D:1      | Gained mutation: You regenerate a little health from kills.
                  | [demonic ancestry]
   226 | D:1      | Reached XP level 2. HP: 10/22 MP: 2/2
   406 | D:1      | Found Irchyunn's Book Shop.
   799 | D:1      | Reached skill level 3 in Ranged Weapons
   801 | D:1      | Found a faded altar of an unknown god.
  1171 | D:2      | Gained mutation: You regenerate health from kills. [demonic
                  | ancestry]
  1171 | D:2      | Reached XP level 3. HP: 27/27 MP: 3/3
  1217 | D:2      | Noticed Jessica
  1220 | D:2      | Killed Jessica
  1232 | D:2      | Gained mutation: You have a small tail. [demonic ancestry]
  1232 | D:2      | Reached XP level 4. HP: 33/33 MP: 4/4
  1240 | D:2      | Reached skill level 4 in Ranged Weapons
  1551 | D:2      | Found a snail-covered altar of Cheibriados.
  1552 | D:2      | Noticed Natasha
  2034 | D:2      | Killed Natasha
  2365 | D:2      | Noticed Natasha
  2368 | D:2      | Killed Natasha
  2448 | D:2      | Noticed Natasha
  2455 | D:2      | Killed Natasha
  2456 | D:2      | Reached XP level 5. HP: 17/38 MP: 5/5
  2948 | D:3      | Reached skill level 5 in Ranged Weapons
  3606 | D:4      | Noticed an ogre
  3615 | D:4      | Killed an ogre
  3616 | D:4      | Reached skill level 6 in Ranged Weapons
  3616 | D:4      | Gained mutation: You are partially covered in icy blue
                  | scales. (AC +2) [demonic ancestry]
  3616 | D:4      | Reached XP level 6. HP: 44/44 MP: 6/6
  4114 | D:4      | Found a shimmering altar of Xom.
  4370 | D:4      | Found an opulent altar of Gozag.
  4481 | D:4      | Became a worshipper of Gozag Ym Sagoz the Greedy
  4488 | D:5      | Entered Level 5 of the Dungeon
  4532 | D:5      | Noticed an ice beast
  4839 | D:5      | Noticed Duvessa
  4840 | D:5      | Noticed Dowan
  5132 | D:5      | HP: 2/44 [centaur (2)]
  5132 | D:5      | Slain by a centaur

Illustrated notes

Levels and vault maps discovered:
D:1:      dpeg_arrival_tiny_a, layout_basic, serial_shops, shop_fountains,
          shapermc_ecumenical_altar_petra
D:2:      layout_basic, basic_altar, nicolae_titane, uniq_natasha, uniq_jessica
D:3:      layout_loops_corners, serial_bayou_lake_a
D:4:      layout_basic, nicolae_gozag_seed_capital, lemuel_crystal_altar,
          kennysheep_flooded_box, hangedman_decor_clover_reticule
D:5:      minmay_opposing_rooms, layout_basic, tgw_trog, lemuel_round_altar,
          minmay_temple_entry_large_hall, uniq_menkaure,
          uniq_crazy_yiuf_cottage, uniq_duvessa

Skill      XL: |  1  2  3  4  5 |
---------------+----------------+-----
Ranged Weapons | 2 3 4 6 |  6.7
Fighting       | |  2.0
Axes           | |  1.0
Armour         | |  1.0
Dodging        | |  1.0
Stealth        | |  1.7
Evocations     | |  1.0

Action                   |  1- 3 |  4- 6 || total
-------------------------+-------+-------++-------
Melee: Hand axe          |       |     5 ||     5
       Shortbow          |       |     2 ||     2
 Fire: Shortbow          |    68 |   214 ||   282
  Use: Scroll            |       |     8 ||     8
 Stab: Sleeping          |       |     1 ||     1
Armor: Robe              |     9 |    31 ||    40
Dodge: Dodged            |    14 |    70 ||    84
